 Dungeon Crawl Stone Soup version 0.30.0-10-gfe55d96785 (webtiles) character file.

Game seed: 5344607801591625285

370 Atelerd the Sneak (level 6, -6/36 HPs)
             Began as an Octopode Earth Elementalist on May 15, 2023.
             Mangled by an iguana (13 damage)
             ... on level 5 of the Dungeon.
             The game lasted 00:06:17 (4328 turns).

Atelerd the Sneak (Octopode Earth Elementalist)     Turns: 4328, Time: 00:06:18

Health: -6/36      AC:  1    Str:  7    XL:     6   Next: 70%
Magic:  16/19      EV: 13    Int: 26    God:
Gold:   122        SH:  0    Dex: 12    Spells: 4/11 levels left

rFire   + . .        b - +0 dagger
rCold   . . .        (no shield)
rNeg    . . .        (helmet restricted)
rPois   .            (no amulet)
rElec   .            j - ring of wizardry
rCorr   .            o - +6 ring of intelligence
SInv    .            u - ring of magical power
Will    .....        v - ring of protection from fire
Stlth   ++++         (no ring)
HPRegen 0.26/turn    (no ring)
MPRegen 0.16/turn    (no ring)
                     (no ring)

%: wizardry (x1)
@: no status effects
A: almost no armour, amphibious, 8 rings, camouflage 1, gelatinous body 1,
(nimble swimmer 1), tentacles
a: no special abilities


You were on level 5 of the Dungeon.
You visited 1 branch of the dungeon, and saw 5 of its levels.

You collected 122 gold pieces.

Inventory:

Hand Weapons
 b - a +0 dagger (weapon)
Jewellery
 j - a ring of wizardry (left tentacle)
 o - a +6 ring of intelligence (right tentacle)
 u - a ring of magical power (on tentacle)
 v - a ring of protection from fire (on tentacle)
Wands
 t - a wand of roots (7)
Scrolls
 i - a scroll of fear {unknown}
 n - 4 scrolls of teleportation {unknown}
 p - a scroll of enchant armour {unknown}
 q - a scroll of identify {unknown}
 s - a scroll of vulnerability {unknown}
Potions
 a - a potion of magic
 c - 5 potions of attraction {unknown}
 d - 3 potions of heal wounds {unknown}
 e - 3 potions of curing {unknown}
 f - a potion of resistance
 g - a potion of flight {unknown}
 h - 2 potions of lignification {unknown}
 k - a potion of haste {unknown}
 l - 2 potions of ambrosia {unknown}
 m - a potion of cancellation {unknown}
 r - a potion of invisibility


   Skills:
 - Level 3.0 Dodging
 + Level 4.8 Stealth
 + Level 3.2 Spellcasting
 - Level 3.0 Transmutations
 * Level 4.7 Earth Magic


You had 4 spell levels left.
You knew the following spells:

 Your Spells              Type           Power      Damage    Failure   Level
a - Sandblast             Erth           56%        2d13      1%          1
c - Blink                 Tloc           8%         N/A       6%          2
p - Petrify               Tmut/Erth      24%        N/A       8%          4

Your spell library contained the following spells:

 Spells                   Type           Power      Damage    Failure   Level
 Sting                    Tmut/Pois      44%        1d5       1%          1
 Passwall                 Tmut/Erth      20%        N/A       1%          2
 Stone Arrow              Conj/Erth      32%        3d9       4%          3
 Lesser Beckoning         Tloc           8%         N/A       6%          2
 Momentum Strike          Conj/Tloc      8%         3d8       6%          2
 Poisonous Vapours        Pois/Air       8%         N/A       6%          2
 Ozocubu's Armour         Ice            4%         N/A       12%         3
 Olgreb's Toxic Radiance  Pois           4%         N/A       34%         4
 Metabolic Englaciation   Hex/Ice        2%         N/A       67%         5
 Simulacrum               Ice/Necr       2%         N/A       99%         6


Dungeon Overview and Level Annotations

Branches:
Dungeon (5/15)
 Temple: D:4-7

Altars:

Annotations:
D:2 exclusion: downstairs
D:3 exclusion: downstairs
D:4 2 runed translucent doors, Dowan, Duvessa
D:5 exclusion: wraith, Ijyb


Innate Abilities, Weirdness & Mutations

You cannot wear most types of armour.
You are amphibious.
You can wear up to eight rings at the same time.
Your skin changes colour to match your surroundings (Stealth+).
Your rubbery body absorbs attacks. (AC +1, EV +1)
((You are camouflaged when in or above water. (Stealth+)))
You have tentacles for arms and can constrict up to eight enemies at once.


Message History

You puncture the sleepcap! You squeeze the sleepcap.
The sleepcap is heavily damaged.
You constrict the sleepcap.
The helpless sleepcap fails to defend itself.
You puncture the sleepcap! You squeeze the sleepcap.
The sleepcap is severely damaged.
You constrict the sleepcap.
The helpless sleepcap fails to defend itself.
You puncture the sleepcap!
The sleepcap is almost destroyed.
You constrict the sleepcap.
The helpless sleepcap fails to defend itself.
You puncture the sleepcap!
You destroy the sleepcap!
An iguana comes into view.
You see here 15 gold pieces.
An iguana is nearby!
The blast of sand hits the iguana.
The iguana is moderately wounded.
The iguana bites you!
The blast of sand hits the iguana but does no damage.
The iguana is moderately wounded.
The iguana closely misses you.
The blast of sand misses the iguana.
The iguana barely misses you. The iguana bites you!
You hit the iguana but do no damage. You grab the iguana.
The iguana is moderately wounded.
You constrict the iguana, but do no damage.
The iguana bites you!
* * * LOW HITPOINT WARNING * * *
You are too injured to fight recklessly!
Casting: Sandblast (safe; 1% risk of failure)
Confirm with . or Enter, or press ? or * to list all spells.
Aiming: Sandblast (safe; 1% risk of failure)
Press: ? - help, Shift-Dir - straight line, f/p - iguana
Aim: an iguana (moderately wounded, constricted by you, 100% to hit)
The blast of sand hits the iguana.
The iguana is moderately wounded.
You constrict the iguana. The iguana bites you!
You die...

#.# #.# #.# #.# #.# #.#
# ###.# #.# .# #...###.#
.##### ........# #.....#
#.#####.# #####......#
#.#####.#####...[./....#
#...............@......#
#..####.########l.......
#..####.# .........
........#
#.####..#..#####
#......##
#.#............# ##
##.###.#
#.#.##..#..###(# #. #.#
#.# #.#.##..#..# #.# #.
#.# #.# #.#.##..#..# #.#
##. #.###.###
#....#..#..###.#####..


You could see an iguana.

Vanquished Creatures
  A howler monkey (D:5)
  A hound (D:4)
  A sleepcap (D:5)
  An iguana (D:4)
  16 gnolls
  4 adders
  A worm (D:4)
  A dart slug (D:3)
  An orc (D:5)
  6 ball pythons
  6 endoplasms
  3 giant cockroaches
  6 goblins
  3 hobgoblins
  6 kobolds
  A quokka (D:3)
  5 bats
  A frilled lizard (D:2)
  2 rats
66 creatures vanquished.

Notes
Turn   | Place    | Note
-------+----------+-------------------------------------------
     0 | D:1      | Atelerd the Octopode Earth Elementalist began the quest for
                  | the Orb.
     0 | D:1      | Reached XP level 1. HP: 11/11 MP: 3/3
   360 | D:1      | Reached XP level 2. HP: 16/17 MP: 0/5
  1171 | D:2      | Reached XP level 3. HP: 21/21 MP: 4/6
  2292 | D:3      | Found a faded altar of an unknown god.
  2500 | D:3      | Reached XP level 4. HP: 27/27 MP: 4/7
  2748 | D:3      | Learned a level 4 spell: Petrify
  2751 | D:3      | Learned a level 2 spell: Blink
  2869 | D:3      | Reached XP level 5. HP: 31/31 MP: 3/8
  3209 | D:4      | Found a large runed translucent door.
  3210 | D:4      | Found a large runed translucent door.
  3357 | D:4      | Noticed Duvessa
  3357 | D:4      | Noticed Dowan
  3868 | D:5      | Entered Level 5 of the Dungeon
  3892 | D:5      | Reached XP level 6. HP: 36/36 MP: 6/10
  4071 | D:5      | Noticed Ijyb
  4171 | D:5      | Noticed a wraith
  4328 | D:5      | Mangled by an iguana

Illustrated notes

Levels and vault maps discovered:
D:1:      dpeg_arrival_renting, layout_basic, chequers_hall_statues_wall_a
D:2:      layout_basic
D:3:      layout_loops_corners, hellmonk_ecumenical_altar_blasted
D:4:      layout_layer_cave, jmf_multi_god_temple2,
          chequers_serial_rivers_micro_d, uniq_duvessa
D:5:      layout_loops_ring, nicolae_shop_sticking_my_neck_out, uniq_ijyb

Skill      XL: |  1  2  3  4  5  6 |
---------------+-------------------+-----
Stealth        | 3 4 |  4.8
Transmutations | 2 3 |  3.0
Dodging        | 3 |  3.0
Earth Magic    | 4 |  4.7
Spellcasting   | 3 |  3.2

Action                     |  1- 3 |  4- 6 || total
---------------------------+-------+-------++-------
  Melee: Dagger            |    12 |    12 ||    24
         Tentacles         |     2 |     3 ||     5
         Constrict         |       |     3 ||     3
   Cast: Sandblast         |    37 |    75 ||   112
         Petrify           |       |     4 ||     4
   Stab: Distracted        |     1 |       ||     1
         Petrified         |       |     7 ||     7
 Armour: Skin              |     2 |     1 ||     3
  Dodge: Dodged            |     7 |    32 ||    39
